 Dungeon Crawl Stone Soup version 0.29.1-15-g9cfb28693d (webtiles) character file.

Game seed: 277026461658969236

606 safid the Chiller (level 7, -1/55 HPs)
             Began as a Merfolk Ice Elementalist on Mar 29, 2023.
             Was an Initiate of Vehumet.
             Killed by nerve-wracking pain
             ... invoked by Menkaure
              (6 damage)
             ... on level 4 of the Dungeon.
             The game lasted 00:10:29 (4628 turns).

safid the Chiller (Merfolk Ice Elementalist)        Turns: 4628, Time: 00:10:29

Health: -1/55      AC: 11    Str:  8    XL:     7   Next: 42%
Magic:  18/22      EV: 12    Int: 17    God:    Vehumet [......]
Gold:   294        SH:  0    Dex: 14    Spells: 7/14 levels left

rFire   . . .      SeeInvis .   e - +0 short sword
rCold   . . .      Faith    .   (no shield)
rNeg    . . .      Spirit   .   a - +0 robe
rPois   .          Reflect  .   y - +0 helmet
rElec   .          Harm     .   (no cloak)
rCorr   .          Rampage  .   n - +0 pair of gloves
Will    .....                   (no boots)
Stlth   ++........              h - amulet of magic regeneration
HPRegen 0.18/turn               s - ring of magical power
MPRegen 0.58/turn               (no ring)

@: ice-armoured, freezing walls
A: (nimble swimmer 2), mertail
a: Renounce Religion


You were on level 4 of the Dungeon.
You worshipped Vehumet.
Vehumet was noncommittal.
You visited 2 branches of the dungeon, and saw 5 of its levels.

You collected 294 gold pieces.

Inventory:

Hand Weapons
 e - a +0 short sword (weapon)
Armour
 a - a +0 robe (worn)
 n - a +0 pair of gloves (worn)
 y - a +0 helmet (worn)
Jewellery
 h - an amulet of magic regeneration (around neck)
 s - a ring of magical power (left hand)
 A - a +6 ring of dexterity
Wands
 m - a wand of flame (23)
 v - a wand of roots (5)
 x - a wand of polymorph (4)
Scrolls
 d - 8 scrolls of identify {unknown}
 g - 4 scrolls of teleportation {unknown}
 k - 2 scrolls of fear {unknown}
 p - 2 scrolls of enchant weapon {unknown}
 r - a scroll of blinking {unknown}
 t - 2 scrolls of magic mapping {unknown}
 z - a scroll of amnesia {unknown}
Potions
 b - a potion of magic
 c - a potion of flight {unknown}
 f - a potion of lignification {unknown}
 i - 2 potions of might {unknown}
 j - 6 potions of curing
 l - a potion of brilliance {unknown}
 o - 2 potions of berserk rage {unknown}
 q - a potion of resistance {unknown}
 u - 2 potions of attraction {unknown}
 w - a potion of ambrosia {unknown}
 B - a potion of degeneration {unknown}


   Skills:
 + Level 4.6 Fighting
 - Level 2.6 Dodging
 - Level 2.1 Stealth
 + Level 4.4 Spellcasting
 + Level 6.6 Ice Magic


You had 7 spell levels left.
You knew the following spells:

 Your Spells              Type           Power      Damage    Failure   Level
a - Freeze                Ice            100%       1d11      1%          1
b - Frozen Ramparts       Ice            52%        1d8       3%          3
c - Ozocubu's Armour      Ice            26%        N/A       3%          3

Your spell library contained the following spells:

 Spells                   Type           Power      Damage    Failure   Level
 Hailstorm                Conj/Ice       15%        3d5       36%         4
 Blade Hands              Tmut           1%         N/A       99%         5
 Irradiate                Conj/Tmut      1%         3d12      99%         5
 Dragon Form              Tmut           1%         N/A       100%        7


Dungeon Overview and Level Annotations

Branches:
Dungeon (4/15)             Temple (1/1) D:4

Altars:
Dithmenos
Fedhas
Gozag
Hepliaklqana
Kikubaaqudgha
Nemelex Xobeh
Qazlal
Ru
Sif Muna
Trog
Uskayaw
Vehumet
Wu Jian
Xom
Zin

Annotations:
D:1 1 runed translucent door
D:3 Grinder
D:4 Menkaure


Innate Abilities, Weirdness & Mutations

((You are very nimble when in or above water. (Stealth+, EV+, Speed+++)))
Your lower body shifts to a powerful aquatic tail in water.


Message History

Aim: Menkaure (lightly damaged, fast)
You freeze Menkaure.
Menkaure resists.
Menkaure is lightly damaged.
Menkaure completely resists.
The wall freezes Menkaure but does no damage.
Menkaure hits you!!
* * * LOW HITPOINT WARNING * * *
Casting: Freeze (safe; 1% risk of failure)
Confirm with . or Enter, or press ? or * to list all spells.
Aiming: Freeze (safe; 1% risk of failure)
Press: ? - help, Shift-Dir - straight line, f/p - Menkaure
Aim: Menkaure (lightly damaged, fast)
You freeze Menkaure.
Menkaure resists.
Menkaure is moderately damaged.
The wall freezes Menkaure but does no damage.
Menkaure points at you and mumbles some strange words.
Pain shoots through your body!
* * * LOW HITPOINT WARNING * * *
You feel better.
The wall freezes Menkaure but does no damage.
Menkaure hits you!
* * * LOW HITPOINT WARNING * * *
You feel better.
The wall freezes Menkaure but does no damage.
Menkaure hits you.
* * * LOW HITPOINT WARNING * * *
Casting: Freeze (safe; 1% risk of failure)
Confirm with . or Enter, or press ? or * to list all spells.
Aiming: Freeze (safe; 1% risk of failure)
Press: ? - help, Shift-Dir - straight line, f/p - Menkaure
Aim: Menkaure (moderately damaged, fast)
You freeze Menkaure.
Menkaure resists.
Menkaure is heavily damaged.
Menkaure resists.
The wall freezes Menkaure.
Menkaure hits you.
* * * LOW HITPOINT WARNING * * *
Menkaure completely resists.
The wall freezes Menkaure but does no damage.
Menkaure gestures at you while chanting.
Pain shoots through your body!
You die...

.###..#.###.######.#####.#
#.)..† .#......#
#...........##.# ####..
.#.#..### ########.##.##.#
#.. .##...# #.......# #..
......# ##### ##......#
#.. ......# #.....
#.......######.. #.....#
#....<###..#.#..#.......
#.....#
#.....M.#.........[.....
#.....# #@........#.......
#.....# ###...##..##.###'#
##.#### #..........#....
.#. #####.###..#.... #.#
#..#.._. #.# #..#.... #.
##.#.... .. #.#####
######......


You could see Menkaure (fast).

Vanquished Creatures
  Eustachio (D:4)
  Blork the orc (D:4)
  2 hounds (D:4)
  An orc priest (D:4)
  Terence (D:3)
  2 iguanas
  Natasha (twice) (D:3)
  An orc wizard (D:4)
  Robin (D:2)
  A gnoll (D:1)
  3 adders
  A shadow imp (D:3)
  2 worms (D:3)
  A dart slug (D:4)
  5 orcs
  9 endoplasms
  A giant cockroach (D:3)
  8 hobgoblins
  12 jackals
  5 kobolds
  5 quokkas
  8 ball pythons
  10 bats
  2 frilled lizards (D:3)
  20 goblins
  7 rats
112 creatures vanquished.

Notes
Turn   | Place    | Note
-------+----------+-------------------------------------------
     0 | D:1      | safid the Merfolk Ice Elementalist began the quest for the
                  | Orb.
     0 | D:1      | Reached XP level 1. HP: 13/13 MP: 3/3
     1 | D:1      | Found a runed translucent door.
   383 | D:1      | Reached skill level 1 in Fighting
   383 | D:1      | Reached XP level 2. HP: 8/21 MP: 3/5
  1025 | D:1      | Reached XP level 3. HP: 25/26 MP: 4/6
  1054 | D:1      | Learned a level 3 spell: Frozen Ramparts
  1584 | D:2      | Reached skill level 5 in Ice Magic
  1681 | D:2      | Found a hide-covered altar of Uskayaw.
  1875 | D:2      | Found a faded altar of an unknown god.
  1891 | D:2      | Noticed Robin
  1895 | D:2      | Reached XP level 4. HP: 31/33 MP: 5/8
  1900 | D:2      | Killed Robin
  1918 | D:2      | Learned a level 3 spell: Ozocubu's Armour
  2332 | D:3      | Noticed Terence
  2383 | D:3      | Noticed Grinder
  2499 | D:3      | Killed Terence
  2623 | D:3      | Noticed Natasha
  2637 | D:3      | Killed Natasha
  2638 | D:3      | Reached XP level 5. HP: 39/39 MP: 6/9
  2658 | D:3      | Noticed Natasha
  2669 | D:3      | Killed Natasha
  3125 | D:3      | Reached XP level 6. HP: 38/47 MP: 11/11
  3712 | D:4      | Noticed Blork the orc
  3722 | D:4      | Killed Blork the orc
  3723 | D:4      | Reached skill level 6 in Ice Magic
  3940 | D:4      | Found an ancient bone altar of Kikubaaqudgha.
  3942 | D:4      | Noticed Eustachio
  3961 | D:4      | Killed Eustachio
  3962 | D:4      | Reached XP level 7. HP: 54/54 MP: 13/13
  4008 | D:4      | Identified the +2 leather armour "Zuafergh" {rC- Int+8
                  | Dex+7}
  4045 | D:4      | Found an opulent altar of Gozag.
  4315 | D:4      | Found a staircase to the Ecumenical Temple.
  4451 | Temple   | Entered the Ecumenical Temple
  4510 | Temple   | Became a worshipper of Vehumet
  4617 | D:4      | Noticed Menkaure
  4625 | D:4      | HP: 2/55 [Menkaure/nerve-wracking pain (8)]
  4628 | D:4      | Killed from afar by Menkaure

Illustrated notes

Levels and vault maps discovered:
D:1:      dpeg_arrival_caged_fury, layout_basic
D:2:      layout_basic, basic_altar, shapermc_ecumenical_altar_notcrosses,
          chequers_garden, uniq_robin
D:3:      minmay_thinvault, layout_rooms, minmay_fractal_squares_diagonal_5,
          uniq_grinder, uniq_natasha, uniq_terence
D:4:      layout_loops_cross, amcnicky_altar_gilded, nicolae_gozag_seed_capital,
          minmay_temple_entry_large_hall, uniq_menkaure, uniq_eustachio,
          uniq_blork_the_orc
Temple:   dshaligram_water_room_temple

Skill      XL: |  1  2  3  4  5  6 |
---------------+-------------------+-----
Fighting       | 1 2 3 4 |  4.6
Ice Magic      | 5 6 |  6.6
Spellcasting   | 3 4 |  4.4
Dodging        | |  2.6
Stealth        | |  2.1

Action                   |  1- 3 |  4- 6 |  7- 9 || total
-------------------------+-------+-------+-------++-------
Melee: Unarmed           |    10 |       |       ||    10
       Short sword       |    40 |    81 |    17 ||   138
       Punch             |     1 |       |       ||     1
 Cast: Freeze            |    24 |    36 |     8 ||    68
       Frozen Ramparts   |     3 |    22 |     7 ||    32
       Ozocubu's Armour  |       |     3 |     3 ||     6
  Use: Potion            |       |       |     2 ||     2
 Stab: Sleeping          |     7 |     3 |     1 ||    11
       Distracted        |       |     1 |       ||     1
Armor: Robe              |    28 |    21 |     8 ||    57
Dodge: Dodged            |    50 |    73 |    17 ||   140
